 Dungeon Crawl Stone Soup version 0.29.0-4-gdea44cf6ec (webtiles) character file.

Game seed: 3436293199923818282

302 qw the Chopper (level 6, -2/35 HPs)
             Began as a Tengu Warper on Aug 29, 2022.
             Slain by a gnoll
             ... wielding a +0 vorpal spear
             ... led by a gnoll bouda
              (7 damage)
             ... on level 4 of the Dungeon.
             The game lasted 00:00:56 (2613 turns).

qw the Chopper (Tengu Warper)                       Turns: 2613, Time: 00:00:57

Health: -2/35      AC: 13    Str: 14    XL:     6   Next: 37%
Magic:  10/10      EV:  9    Int: 13    God:
Gold:   137        SH:  0    Dex: 13    Spells: 9/9 levels left

rFire   . . .      SeeInvis .   Y - +0 hand axe (drain)
rCold   . . .      Faith    .   (no shield)
rNeg    . . .      Spirit   .   k - +0 plate armour
rPois   .          Reflect  .   (helmet restricted)
rElec   .          Harm     .   e - +0 cloak
rCorr   .          Rampage  .   (no gloves)
Will    .....                   (boots unavailable)
Stlth   ..........              (no amulet)
HPRegen 0.11/turn               i - +4 ring of evasion
MPRegen 0.12/turn               (no ring)

@: flying quickly and evasively, quick
A: beak, talons 3, nimble flight
a: no special abilities


You were on level 4 of the Dungeon.
You visited 1 branch of the dungeon, and saw 4 of its levels.

You collected 137 gold pieces.


Innate Abilities, Weirdness & Mutations

You have a beak for a mouth.
You have claws for feet.
Your magical nature lets you fly swiftly and evasively.


   Skills:
 - Level 2.0 Fighting
 + Level 5.2 Axes
 - Level 1.0 Throwing
 - Level 4.9 Armour
 - Level 2.1 Dodging
 - Level 2.0 Spellcasting
 - Level 2.4 Translocations


You had 9 spell levels left.
You didn't know any spells.
Your spell library contained the following spells:

 Spells                   Type           Power      Damage    Failure   Level
 Blink                    Tloc           14%        N/A       100%        2
 Gell's Gravitas          Tloc           7%         N/A       100%        3
 Lesser Beckoning         Tloc           7%         N/A       100%        3
 Teleport Other           Tloc           7%         N/A       100%        3
 Manifold Assault         Tloc           7%         N/A       100%        5

Inventory:

Hand Weapons
 l - a +0 flail
 Y - a +0 hand axe of draining (weapon)
Armour
 e - a +0 cloak (worn)
 k - a +0 plate armour (worn)
Jewellery
 i - a +4 ring of evasion (left hand)
Scrolls
 c - 2 scrolls of identify
Potions
 b - a potion of might
 d - a potion of heal wounds
 h - 4 potions of curing
 j - a potion of berserk rage {unknown}

Dungeon Overview and Level Annotations

Branches:
Dungeon (4/15)
 Temple: D:4-7

Altars:


Message History

The gnoll hits you with a +0 flail.
A gnoll opens the door.
You closely miss the gnoll. Your kick misses the gnoll.
The gnoll is heavily wounded.
The gnoll hits you but does no damage.
The gnoll hits you from afar with a +0 spear.
The gnoll hits you but does no damage.
You hit the gnoll. Your kick misses the gnoll. Your peck misses the gnoll.
The gnoll is severely wounded.
You barely miss the gnoll bouda. The gnoll hits you but does no damage.
The gnoll bouda barely misses you.
The gnoll hits you but does no damage. x2
You closely miss the gnoll. Your kick misses the gnoll.
The gnoll is severely wounded.
You closely miss the gnoll bouda. The gnoll barely misses you.
The gnoll bouda hits you with a +0 whip!
The gnoll hits you but does no damage. The gnoll barely misses you.
You barely miss the gnoll. You claw the gnoll, but do no damage.
The gnoll is severely wounded.
You hit the gnoll bouda but do no damage.
The gnoll barely misses you.
The gnoll bouda calls upon its god to heal the gnoll.
The gnoll is healed somewhat.
The gnoll barely misses you.
The gnoll hits you from afar with a +0 vorpal spear.
The gnoll hits you with a +0 flail.
You hit the gnoll but do no damage. Your kick misses the gnoll.
Your peck misses the gnoll.
The gnoll is moderately wounded.
You hit the gnoll bouda but do no damage.
The gnoll bouda barely misses you.
A dart slug comes into view.
The gnoll hits you from afar with a +0 spear.
The gnoll barely misses you. The gnoll closely misses you.
You hit the gnoll. You claw the gnoll, but do no damage.
The gnoll is heavily wounded.
You hit the gnoll bouda. You drain the gnoll bouda.
The gnoll bouda hits you with a +0 whip.
The gnoll hits you from afar with a +0 spear.
The gnoll hits you from afar with a +0 vorpal spear!
You die...

###
###############.#
#...............#
##.############.#
#.# #.# ###.# #.#
....# #@# ######
#...gg# .......
+...g.g #######
#.....## # ###
#.....# # #.#
#.....# # #.###
#####w# ### #..<#
#.# ..## #.###


You could see a gnoll bouda (very drained), 3 gnolls and a dart slug.

Vanquished Creatures
  Sigmund (D:2)
  2 orc wizards (D:3)
  6 adders
  A gnoll (D:4)
  2 dart slugs (D:2)
  3 orcs
  3 bats
  3 endoplasms
  2 giant cockroaches (D:2)
  5 hobgoblins
  4 quokkas
  4 ball pythons
  4 frilled lizards
  7 goblins
  7 kobolds
  5 rats
59 creatures vanquished.

Vanquished Creatures (others)
  3 fungi (D:3)
3 creatures vanquished.

Grand Total: 62 creatures vanquished

Notes
Turn   | Place    | Note
-------+----------+-------------------------------------------
     0 | D:1      | qw the Tengu Warper began the quest for the Orb.
     0 | D:1      | Reached XP level 1. HP: 12/12 MP: 4/4
     0 | D:1      | 0 ||| qw: Version: 0.1-a-89-g26bdef1
     0 | D:1      | 0 ||| qw: Game counter: 3508
     0 | D:1      | 0 ||| qw: Always use a shield: true
     0 | D:1      | 0 ||| qw: God list: Okawaru
     0 | D:1      | 0 ||| qw: Allow faded altars: false
     0 | D:1      | 0 ||| qw: Do Orc after D:15 true
     0 | D:1      | 0 ||| qw: Do second Lair branch before Depths: true
     0 | D:1      | 0 ||| qw: Lair rune preference: random
     0 | D:1      | 0 ||| qw: Plans: Normal
     0 | D:1      | 0 ||| PLANNING D:1-11
   165 | D:1      | 165 ||| DROPPING +0 club.
   287 | D:1      | Reached XP level 2. HP: 17/17 MP: 6/6
   458 | D:1      | Reached skill level 3 in Axes
   507 | D:1      | 507 ||| Stepping ~*~*~tactically~*~*~ (stealth).
   511 | D:1      | 511 ||| Stepping ~*~*~tactically~*~*~ (stealth).
   514 | D:1      | 514 ||| Stepping ~*~*~tactically~*~*~ (stealth).
   515 | D:1      | 515 ||| Stepping ~*~*~tactically~*~*~ (stealth).
   516 | D:1      | 516 ||| Stepping ~*~*~tactically~*~*~ (stealth).
   550 | D:1      | 550 ||| Stepping ~*~*~tactically~*~*~ (stealth).
   914 | D:1      | 914 ||| UPGRADING to +0 cloak.
   919 | D:1      | 919 ||| UPGRADING to +0 plate armour.
   929 | D:1      | 929 ||| DROPPING +0 leather armour.
   930 | D:1      | 930 ||| UPGRADING to +4 ring of evasion.
   931 | D:1      | 931 ||| READING scroll labelled KUBBOE VAEZUN.
   932 | D:1      | 932 ||| READING scroll labelled IZUIST NEBIAFF.
   933 | D:1      | 933 ||| DRINKING 4 fizzy orange potions.
   934 | D:1      | 934 ||| DROPPING scroll of blinking.
  1036 | D:2      | 1036 ||| Stepping ~*~*~tactically~*~*~ (stealth).
  1044 | D:2      | 1044 ||| Stepping ~*~*~tactically~*~*~ (stealth).
  1045 | D:2      | 1045 ||| Stepping ~*~*~tactically~*~*~ (stealth).
  1062 | D:2      | Reached XP level 3. HP: 21/21 MP: 7/7
  1067 | D:2      | Reached skill level 4 in Axes
  1166 | D:2      | 1166 ||| Stepping ~*~*~tactically~*~*~ (hiding).
  1356 | D:2      | Noticed Sigmund
  1368 | D:2      | Killed Sigmund
  1369 | D:2      | Reached XP level 4. HP: 18/26 MP: 8/8
  1369 | D:2      | Gained mutation: Your magical nature lets you fly swiftly
                  | and evasively. [Tengu growth]
  1369 | D:2      | Reached XP level 5. HP: 21/30 MP: 9/9
  1800 | D:2      | 1800 ||| READING scroll labelled MALUERGH LAACK.
  1801 | D:2      | 1801 ||| READING scroll labelled RYINKU AZEIVES.
  1805 | D:2      | 1805 ||| READING 4 scrolls of identify.
  1805 | D:2      | 1805 ||| IDENTIFYING black potion
  1806 | D:2      | 1806 ||| READING 3 scrolls of identify.
  1806 | D:2      | 1806 ||| IDENTIFYING fizzy clear potion
  1807 | D:2      | 1807 ||| READING 2 scrolls of identify.
  1807 | D:2      | 1807 ||| IDENTIFYING glowing emerald potion
  1808 | D:2      | 1808 ||| DROPPING potion of brilliance.
  1924 | D:3      | Reached XP level 6. HP: 35/35 MP: 10/10
  1973 | D:3      | 1973 ||| Stepping ~*~*~tactically~*~*~ (hiding).
  2008 | D:3      | 2008 ||| DROPPING +0 whip.
  2354 | D:3      | 2354 ||| READING scroll labelled YCKIUSHR JAJIFO.
  2356 | D:3      | 2356 ||| READING scroll labelled LIQASY JITTA.
  2357 | D:3      | 2357 ||| READING 2 scrolls of identify.
  2357 | D:3      | 2357 ||| IDENTIFYING white potion
  2358 | D:3      | 2358 ||| DROPPING potion of lignification.
  2359 | D:3      | 2359 ||| Stepping randomly (stuck).
  2432 | D:3      | Reached skill level 5 in Axes
  2613 | D:4      | HP: 6/35 [gnoll bouda/+0 whip (3)]
  2613 | D:4      | Slain by a gnoll

Levels and vault maps discovered:
D:1:      eino_arrival_cavern_d, layout_basic
D:2:      layout_loops_ring, uniq_sigmund
D:3:      layout_loops_cross, dreamdust_mushroom_princess, grunt_decor_cap
D:4:      minmay_octagon_keep, layout_basic, mainiacjoe_overflow_brackets,
          nemelex_xobeh_ov_fountains_minmay, minmay_temple_entry_arrows

Skill      XL: |  1  2  3  4  5  6 |
---------------+-------------------+-----
Axes           | 3 4 5 |  5.2
Armour         | 4 |  4.9
Fighting       | |  2.0
Throwing       | |  1.0
Dodging        | |  2.1
Spellcasting   | |  2.0
Translocations | |  2.4

Action                   |  1- 3 |  4- 6 || total
-------------------------+-------+-------++-------
Melee: Hand axe          |    78 |    63 ||   141
       Kick              |    18 |    15 ||    33
       Peck              |     9 |     5 ||    14
Throw: Boomerang         |     7 |       ||     7
  Use: Scroll            |     2 |     8 ||    10
       Potion            |     1 |       ||     1
Armor: Leather armour    |     3 |       ||     3
       Plate armour      |    26 |    40 ||    66
Dodge: Dodged            |    27 |    34 ||    61

Table legend:
 A = Non-vault XP
 B = Vault XP
 C = Vault XP percentage of total XP
 D = Non-vault monster count
 E = Vault monster count
 F = Vault count percentage of total count
                 A         B        C        D         E       F
            +---------+---------+-------+---------+---------+-------
      Total |     218 |     214 |  49.5 |      58 |       1 |   1.7
            +---------+---------+-------+---------+---------+-------
        D:1 |      22 |       0 |   0.0 |      14 |       0 |   0.0
        D:2 |      57 |     214 |  79.0 |      24 |       1 |   4.0
        D:3 |     110 |       0 |   0.0 |      17 |       0 |   0.0
        D:4 |      29 |       0 |   0.0 |       3 |       0 |   0.0
            +---------+---------+-------+---------+---------+-------
